 Dungeon Crawl Stone Soup version 0.29-a0-923-g6e406bff71 (webtiles) character file.

Game seed: 902409387967545112

106 rabbitsville the Digger (level 4, 0/24 HPs)
             Began as a Gargoyle Earth Elementalist on July 27, 2022.
             Shot with an arrow by a centaur (15 damage)
             ... on level 3 of the Dungeon.
             The game lasted 00:08:41 (2700 turns).

rabbitsville the Digger (GrEE)                      Turns: 2700, Time: 00:08:44

Health: 0/24       AC:  5    Str: 12    XL:     4   Next: 84%
Magic:  6/8        EV: 11    Int: 17    God:
Gold:   165        SH:  0    Dex: 10    Spells: 8/9 levels left

rFire   . . .      SeeInvis .   v - +1 short sword (protect)
rCold   . . .      Faith    .   (no shield)
rNeg    + . .      Spirit   .   a - +0 robe
rPois   ∞          Reflect  .   (no helmet)
rElec   +          Harm     .   (no cloak)
rCorr   .          Rampage  .   (no gloves)
Will    .....                   (no boots)
Stlth   ++........              i - amulet of regeneration
HPRegen 0.88/turn               (no ring)
MPRegen 0.11/turn               (no ring)

@: no status effects
A: sickness immunity, AC +3, negative energy resistance 1, electricity
resistance, torment resistance 1, petrification resistance
a: no special abilities


You were on level 3 of the Dungeon.
You visited 1 branch of the dungeon, and saw 3 of its levels.

You collected 165 gold pieces.

Inventory:

Hand Weapons
 e - a +0 short sword
 v - a +1 short sword of protection (weapon)
Armour
 a - a +0 robe (worn)
Jewellery
 i - an amulet of regeneration (around neck)
Scrolls
 d - 2 scrolls of butterflies {unknown}
 f - a scroll of torment {unknown}
 j - 2 scrolls of amnesia {unknown}
 o - a scroll of enchant armour {unknown}
 q - 3 scrolls of teleportation {unknown}
 r - 2 scrolls of silence {unknown}
 s - a scroll of fear {unknown}
 t - a scroll of immolation {unknown}
 u - a scroll of blinking {unknown}
Potions
 b - a potion of magic
 c - a potion of invisibility {unknown}
 g - a potion of lignification {unknown}
 h - a potion of degeneration {unknown}
 k - a potion of resistance {unknown}
 l - 2 potions of attraction {unknown}
 m - a potion of heal wounds {unknown}
 n - a potion of berserk rage {unknown}
 p - 3 potions of curing {unknown}


   Skills:
 - Level 1.5 Dodging
 - Level 3.1 Stealth
 * Level 3.2 Spellcasting
 + Level 0.2 Conjurations
 - Level 0.7 Transmutations
 * Level 4.9 Earth Magic


You had 8 spell levels left.
You knew the following spells:

 Your Spells              Type           Power      Damage    Failure   Level
a - Sandblast             Erth           38%        2d10      2%          1

Your spell library contained the following spells:

 Spells                   Type           Power      Damage    Failure   Level
 Passwall                 Tmut/Erth      10%        N/A       9%          2
 Magic Dart               Conj           12%        1d3       16%         1
 Apportation              Tloc           4%         N/A       17%         1
 Stone Arrow              Conj/Erth      22%        3d8       17%         3
 Searing Ray              Conj           6%         2d4       22%         2
 Petrify                  Tmut/Erth      12%        N/A       47%         4
 Fulminant Prism          Conj/Hex       1%         3d6       85%         4
 Alistair's Intoxication  Tmut/Pois      2%         N/A       99%         5


Dungeon Overview and Level Annotations

Branches:
Dungeon (3/15)

Altars:
Yredelemnul

Shops:
D:2 !

Annotations:
D:3 1 runed translucent door, Crazy Yiuf


Innate Abilities, Weirdness & Mutations

You are immune to sickness and miasma.
Your stone body is resilient. (AC +3)
You are immune to poison.
You resist negative energy. (rN+)
You are resistant to electric shocks. (rElec)
You are resistant to unholy torment.
You are immune to petrification.


Message History

There is an open door here.
There is an open door here.
You see here a ball python skeleton.
Found an escape hatch in the floor.
You open the door.
There is an open door here.
You open the door.
There is an open door here.
A kobold comes into view. It is wielding a +0 short sword.
You can't see any susceptible monsters within range! (Use Z to cast anyway.)
You can't see any susceptible monsters within range! (Use Z to cast anyway.)
You can't see any susceptible monsters within range! (Use Z to cast anyway.)
The blast of sand hits the kobold but does no damage.
The kobold shouts!
The blast of sand misses the kobold.
The kobold closely misses you.
The blast of sand hits the kobold!
You kill the kobold!
Things that are here:
a +0 short sword; a kobold corpse
Found a stone staircase leading up.
There is a stone staircase leading up here.
Found a club.
There is an open door here.
You open the door.
Found a stone staircase leading down.
There is an open door here.
A centaur comes into view.
There is a stone staircase leading down here.
The blast of sand hits the centaur!
The centaur is heavily wounded.
The centaur shouts!
The centaur wields a +0 shortbow.
The centaur shoots an arrow.
The arrow hits you.
The centaur shoots an arrow.
The arrow closely misses you.
The blast of sand hits the centaur!
The centaur is almost dead.
The centaur shoots an arrow.
The arrow barely misses you.
The centaur shoots an arrow.
The arrow hits you.
The centaur shoots an arrow.
The arrow hits you!
Ouch! That really hurt!
You die...

##'## #.#
###.###########
#...>..........
#...?##.######
#.:...#.#
.......##.#
###.#.###.#
#.#.# #@#
#...c...#
###.#####


You could see a centaur.

Vanquished Creatures
  2 adders (D:2)
  A worm (D:2)
  4 dart slugs
  3 orcs (D:3)
  10 ball pythons
  9 endoplasms
  2 giant cockroaches
  4 goblins
  6 hobgoblins
  2 jackals (D:1)
  6 quokkas
  6 bats
  2 frilled lizards
  6 kobolds
  4 rats
67 creatures vanquished.

Notes
Turn   | Place    | Note
-------+----------+-------------------------------------------
     0 | D:1      | rabbitsville the Gargoyle Earth Elementalist began the
                  | quest for the Orb.
     0 | D:1      | Reached XP level 1. HP: 10/10 MP: 3/3
   132 | D:1      | Reached XP level 2. HP: 15/15 MP: 1/5
   203 | D:1      | Reached skill level 4 in Earth Magic
   644 | D:1      | Reached XP level 3. HP: 19/19 MP: 2/6
   993 | D:1      | Found a faded altar of an unknown god.
  1229 | D:2      | Reached XP level 4. HP: 24/24 MP: 5/8
  1812 | D:2      | Found Dyilu's Distillery.
  2049 | D:2      | Found a basalt altar of Yredelemnul.
  2268 | D:3      | Found a runed translucent door.
  2269 | D:3      | Noticed Crazy Yiuf
  2690 | D:3      | Noticed a centaur
  2700 | D:3      | Shot with an arrow by a centaur

Illustrated notes

Levels and vault maps discovered:
D:1:      dpeg_arrival_rooms_with_view, layout_basic,
          shapermc_ecumenical_altar_mp_vishouse
D:2:      minmay_angry_zag, layout_basic, serial_shops, nicolae_diamond_shop,
          basic_altar
D:3:      layout_loops_corners, nicolae_overflow_quartered_altars,
          nicolae_underground_beach, uniq_crazy_yiuf_cottage

Skill      XL: |  1  2  3  4 |
---------------+-------------+-----
Earth Magic    | 4 |  4.9
Stealth        | 3 |  3.1
Spellcasting   | 3 |  3.2
Dodging        | |  1.5
Conjurations   | |  0.2
Transmutations | |  0.7

Action                   |  1- 3 |  4- 6 || total
-------------------------+-------+-------++-------
Melee: Unarmed           |    10 |       ||    10
       Short sword       |    10 |     8 ||    18
 Cast: Sandblast         |    58 |    52 ||   110
Armor: Robe              |    21 |     6 ||    27
Dodge: Dodged            |    33 |    23 ||    56

Table legend: (Time is in decaauts)
 A = Elapsed time spent in this place.
 B = Non-inter-level travel time spent in this place.
 C = Inter-level travel time spent in this place.
 D = Time resting spent in this place.
 E = Time spent auto-exploring this place.
 F = Levels seen in this place.
 G = Mean time per level.
                   A        B        C        D        E       F      G
               +--------+--------+--------+--------+--------+-----+--------+
         Total |   2809 |   2783 |     26 |      0 |   2102 |   3 |  936.3 |
       Dungeon |   2809 |   2783 |     26 |      0 |   2102 |   3 |  936.3 |
               +--------+--------+--------+--------+--------+-----+--------+

Top non-repeatable levels by time:
     D:2: 1141 daAuts
     D:1: 1070 daAuts
     D:3: 597 daAuts
